 Dungeon Crawl Stone Soup version 0.22-a0-162-g33bf127 (webtiles) character file.

182540 4thArraOfDagon the Geomancer (level 17, -29/133 HPs)
             Began as a Mummy Enchanter on Feb 11, 2018.
             Was a High Priest of Ru.
             Killed from afar by a thorn hunter (40 damage)
             ... with a volley of thorns
             ... on level 4 of the Swamp on Feb 12, 2018.
             The game lasted 02:51:20 (34674 turns).

4thArraOfDagon the Geomancer (Mummy Enchanter)     Turns: 34674, Time: 02:51:21

Health: -29/133    AC: 10    Str: 11    XL:     17   Next: 71%
Magic:  19/32      EV: 19    Int: 21    God:    Ru [*****.]
Gold:   2169       SH:  0    Dex: 13    Spells: 7/38 levels left

rFire    . . .     SeeInvis .   A - +9 lance "Wyrmbane" {slay drac, rPois rF+ rC+ AC+3}
rCold    + + .     Gourm    .   (no shield)
rNeg     + + +     Faith    .   D - +3 troll leather armour
rPois    ∞         Spirit   .   t - +2 hat {MR+}
rElec    .         Reflect  .   v - scarf {rC+ rF+}
rCorr    +         Harm     .   M - +1 pair of gloves
MR       +++..                  (no boots)
Stlth    +.........             N - amulet of regeneration
HPRegen  1.12/turn              u - +5 ring of evasion
MPRegen  0.23/turn              l - ring of resist corrosion

@: exhausted, heavily drained
A: no food or potions, fire vulnerability, cold resistance 1, negative energy
resistance 3, torment resistance, unbreathing, no potion heal 1, no air magic,
no conjurations magic, no hexes magic, reduced AC 1, in touch with death 1,
temperature sensitive
a: Sacrifice Stealth, Sacrifice an Eye, Sacrifice Purity, Reject Sacrifices,
Draw Out Power, Power Leap, Apocalypse, Renounce Religion


You were on level 4 of the Swamp.
You worshipped Ru.
Ru was extremely pleased with you.
You were not hungry.

You visited 6 branches of the dungeon, and saw 31 of its levels.
You also visited: Sewer.

You collected 3767 gold pieces.
You spent 1598 gold pieces at shops.

Inventory:

Hand Weapons
 A - the +9 lance "Wyrmbane" (weapon) {slay drac, rPois rF+ rC+ AC+3}
   (You found it on level 3 of the Elven Halls)

   It affects your AC (+3).
   It protects you from fire.
   It protects you from cold.
   It protects you from poison.
 G - a +3 blowgun
 L - the +5 whip "Gielax Konyx" {elec, MR+ Str-4 Dex+4}
   (You found it on level 12 of the Dungeon)

   Occasionally, upon striking a foe, it will discharge some electrical energy
   and cause terrible harm.
   It affects your strength (-4).
   It affects your dexterity (+4).
   It affects your resistance to hostile enchantments.
 P - the +4 hand axe "Mashetz" {freeze, *Rage Str-3 Int+10 Stlth+}
   (You bought it in a shop on level 11 of the Dungeon)

   It has been specially enchanted to freeze those struck by it, causing extra
   injury to most foes and up to half again as much damage against particularly
   susceptible opponents.
   It can also slow down cold-blooded creatures.
   It affects your strength (-3).
   It affects your intelligence (+10).
   It may make you go berserk in combat.
   It makes you more stealthy.
Missiles
 j - 21 curare-tipped needles
 k - 4 poisoned javelins (quivered)
 y - 5 tomahawks of dispersal
Armour
 t - a +2 hat of magic resistance (worn)
 v - a scarf of resistance (worn)
 w - the +8 chain mail of Uskayaw's Reproof {rPois rF+}
   (You found it on level 3 of the Elven Halls)

   It protects you from fire.
   It protects you from poison.
 D - a +3 troll leather armour (worn)
 M - a +1 pair of gloves (worn)
Magical Staves
 V - an uncursed staff of air
Jewellery
 c - an uncursed ring of protection from cold
 d - an uncursed ring of stealth
 f - an uncursed ring of see invisible
 l - a ring of resist corrosion (right hand)
 m - an uncursed ring of flight
 n - an uncursed ring of ice
 o - a +6 amulet of reflection
 u - a +5 ring of evasion (left hand)
 J - an uncursed ring of poison resistance
 K - an uncursed ring of positive energy
 N - an amulet of regeneration (around neck)
 Q - an uncursed ring of protection from magic
Wands
 g - a wand of polymorph (50)
 q - a wand of digging (14)
 r - a wand of flame (34)
 E - a wand of acid (7)
 I - a wand of enslavement (51)
 R - a wand of iceblast (10)
 S - a wand of scattershot (1)
 X - a wand of paralysis (31)
Scrolls
 a - a scroll of acquirement
 b - 3 scrolls of amnesia
 e - 19 scrolls of remove curse
 i - 12 scrolls of teleportation
 p - 5 scrolls of enchant weapon
 s - 4 scrolls of blinking
 x - 2 scrolls of identify
 z - 2 scrolls of noise
 C - 2 scrolls of magic mapping
 F - 4 scrolls of immolation
 H - 2 scrolls of fog
 O - a scroll of silence
 T - a scroll of summoning
Miscellaneous
 h - a box of beasts
 B - a phantom mirror
 U - a fan of gales
 W - a phial of floods
 Y - a lightning rod (4/4)


   Skills:
 - Level 12.1(10.4) Fighting
   Level 4.0(2.6) Short Blades
 - Level 6.2(5.7) Axes
 - Level 5.6(5.4) Polearms
 - Level 3.0(1.7) Throwing
 - Level 7.0(5.5) Armour
 - Level 7.0(5.5) Dodging
 - Level 2.4(1.1) Stealth
 + Level 11.0(9.4) Spellcasting
 * Level 12.7(11.0) Necromancy
 - Level 5.0(3.6) Fire Magic
 - Level 14.0(12.2) Earth Magic
 - Level 7.0(5.5) Evocations


You had 7 spell levels left.
You knew the following spells:

 Your Spells              Type           Power        Failure   Level  Hunger
a - Borgnjor's Vile Clut  Necr/Erth      ######....   1%          5    N/A
b - Ignite Poison         Fire/Tmut/Pois ##......     16%         3    N/A
c - Passwall              Tmut/Erth      #####.....   1%          2    N/A
d - Vampiric Draining     Necr           ######....   1%          3    N/A
e - Animate Dead          Necr           N/A          1%          4    N/A
f - Lee's Rapid Deconstr  Erth           ######....   1%          5    N/A
g - Shatter               Erth           ######....   100%        9    N/A

Dungeon Overview and Level Annotations

Branches:
Dungeon (15/15)            Temple (1/1) D:6            Lair (6/6) D:11
  Swamp (4/4) Lair:4        Snake (0/4) Lair:4        Slime (0/5) Lair:5
    Orc (2/2) D:9             Elf (3/3) Orc:2        Vaults (0/5) D:14
 Depths: D:15

Altars:
Ashenzari
Cheibriados
Dithmenos
Elyvilon
Fedhas
Gozag
Hepliaklqana
Kikubaaqudgha
Makhleb
Nemelex Xobeh
Okawaru
Qazlal
Ru
Sif Muna
Trog
Uskayaw
Vehumet
Wu Jian
Xom
Yredelemnul
Zin
The Shining One
Beogh

Shops:
D:11 *   D:12 :   D:15 ?   Orc:2 *![(   Elf:2 %

Annotations:
D:7 p0werm0de's ghost, novice OpGl
D:10 PeterLawrence's ghost, journeyman MiFi
D:11 exclusion: downstairs, KristoblXynda's ghost, journeyman HOFi
Elf:1 exclusion: 2 downstairs


Innate Abilities, Weirdness & Mutations

You do not eat or drink.
Your flesh is vulnerable to fire.
You are immune to poison.
Your flesh is cold resistant. (rC+)
You are immune to negative energy. (rN+++)
You are immune to unholy pain and torment.
You can survive without breathing.
Potions are less effective at restoring your health.
You cannot study or cast Air magic.
You cannot study or cast Conjurations magic.
You cannot study or cast Hexes magic.
You take slightly more damage. (AC -5)
You are in touch with the powers of death.
You are sensitive to extremes of temperature. (rF-, rC-)


Message History

Unknown command.
Unknown command.
You reveal the great annihilating truth to your foes!
The thorn hunter doubts its magic when faced with ultimate truth!
You kill the swamp worm!
You feel drained.
The zombie hands constrict the thorn hunter.
You hear a shout!
You hear a roar! x4; You hear a deafening roar!
The thorn hunter fires a volley of thorns at you.
The volley of thorns misses you.
The thorn hunter fires a volley of thorns at you.
The volley of thorns hits you!
* * * LOW HITPOINT WARNING * * *
Unknown command.
You hit the thorn hunter.
The thorn hunter is almost destroyed.
The zombie hands constrict the thorn hunter!
The thorn hunter fires a volley of thorns at you.
The volley of thorns hits you!
You die...

≈≈≈.≈≈≈≈≈≈≈≈≈≈.≈..≈≈≈.♣
≈....≈≈≈≈§.≈≈.≈...≈≈≈.♣
≈≈♣♣)≈≈≈§...†..≈≈≈≈≈.≈♣♣♣♣
≈≈♣♣♣....♣♣♣♣..≈≈≈≈...♣..♣
♣≈♣ ♣♣♣♣♣♣ ♣♣♣§≈.≈≈≈♣...♣
♣≈♣ ♣♣♣≈≈≈.≈..♣♣ ♣≈♣
♣♣♣♣♣♣♣≈≈≈≈≈♣♣♣ ≈.
♣♣.≈≈≈†.≈≈≈.♣♣
♣♣♣.≈≈≈≈f@..♣♣♣
≈♣≈≈≈..≈≈.♣♣♣♣ ≈≈≈≈≈≈≈≈♣♣♣
≈≈≈≈≈≈≈♣♣ ≈≈≈≈≈≈. .≈≈≈≈≈.
.≈≈≈≈≈≈ ....≈≈≈ ♣..≈..≈


You could see a thorn hunter.

Vanquished Creatures
  2 deep elf blademasters (Elf:3)
  2 deep elf master archers (Elf:3)
  Gastronok (D:9)
  2 thorn hunters
  Kirke (Swamp:2)
  Louise (Swamp:2)
  Aizul (Swamp:2)
  3 deep elf sorcerers (Elf:3)
  2 deep elf elementalists (Elf:3)
  Azrael (D:12)
  4 deep elf demonologists (Elf:3)
  A deep elf annihilator (Elf:3)
  5 deep elf death magi
  An ettin (Orc:1)
  Josephine (D:13)
  2 deep elf high priests (Elf:3)
  A ghost crab (Swamp:2)
  18 hydras
  2 catoblepae
  9 two-headed ogres
  6 dancing weapons
  An ogre mage (D:14)
  7 alligators
  2 orc high priests
  Nergalle (Orc:1)
  12 deep elf knights
  Sonja (D:10)
  6 skeletal warriors
  A small abomination (Elf:3)
  11 deep elf archers
  2 unseen horrors
  2 shambling mangroves
  5 spriggan druids
  3 swamp dragons
  2 orc knights
  A wolf spider zombie (D:15)
  An orb spider (shapeshifter) (Elf:2)
  44 deep elf magi
  10 ugly things
  2 cyclopes
  A manticore (D:14)
  4 oklob plants
  Maurice (D:8)
  15 elephants
  2 black mambas
  2 gargoyles (D:14)
  24 spiny frogs
  A kobold demonologist (D:13)
  4 centaur skeletons
  8 komodo dragons
  5 rime drakes
  9 yaktaurs
  7 trolls
  A merfolk (D:10)
  A polar bear (Lair:3)
  Prince Ribbit (Lair:1)
  3 meliai (D:14)
  11 tyrant leeches
  A wind drake (shapeshifter) (D:15)
  9 slime creatures
  A hornet (shapeshifter) (D:15)
  A polar bear (shapeshifter) (Elf:3)
  25 blink frogs
  7 hornets
  13 hippogriffs
  5 bog bodies
  7 dream sheep (Lair:4)
  2 air elementals (Elf:2)
  4 water elementals
  3 shadows
  7 wraiths
  6 spriggans
  A tarantella (shapeshifter) (D:14)
  5 wyverns
  4 fire elementals
  71 yaks
  3 basilisks
  A fire bat (Swamp:4)
  A steam dragon (Swamp:4)
  5 hogs (Swamp:2)
  2 wargs
  24 vampire mosquitoes
  A naga (Lair:4)
  A soldier ant (D:13)
  9 swamp worms
  9 water moccasins
  3 acid dragons
  6 insubstantial wisps (Swamp:2)
  2 hell hounds (D:12)
  7 swamp drakes
  8 porcupines
  5 ice beasts
  42 orc warriors
  2 phantoms
  3 sky beasts
  3 eyes of draining
  11 ogres
  11 wolves (Lair:1)
  3 boggarts (D:14)
  10 crocodiles
  19 centaurs
  2 big kobolds (D:11)
  24 bullfrogs
  A wyvern zombie (D:14)
  2 earth elementals
  5 scorpions
  4 wyvern skeletons
  11 killer bees
  8 wights (D:13)
  7 howler monkeys
  An electric eel (D:13)
  A bullfrog zombie (D:10)
  4 crimson imps
  6 hounds
  19 orc wizards
  22 orc priests
  10 jellies
  3 bullfrog skeletons
  Natasha (thrice) (D:4)
  2 iguanas
  12 worker ants
  A killer bee zombie (D:5)
  2 hound skeletons
  12 adders
  5 shadow imps
  4 oozes (Sewer)
  4 adder skeletons
  An adder zombie (D:5)
  7 worms
  A dart slug (D:4)
  8 leopard geckos
  104 orcs
  A ball python (D:2)
  10 bats
  8 giant cockroaches
  13 goblins
  6 hobgoblins
  19 jackals
  15 kobolds
  4 quokkas
  7 frilled lizards
  A quokka skeleton (D:7)
  A quokka zombie (D:10)
  6 rats
  A briar patch (Swamp:4)
  A crawling corpse (Elf:3)
  6 fungi
  21 plants
1059 creatures vanquished.

Vanquished Creatures (collateral kills)
  A yak (Lair:2)
  A centaur (Orc:2)
2 creatures vanquished.

Vanquished Creatures (others)
  5 swamp dragons (Swamp:4)
  A deep elf mage (Elf:2)
  A cyclops (D:15)
  A torpor snail (D:13)
  4 spiny frogs
  2 komodo dragons
  A hornet (Swamp:3)
  A blink frog (Lair:5)
  3 hippogriffs
  A yak (Lair:5)
  2 steam dragons (Swamp:4)
  A vampire mosquito (Lair:4)
  2 orc warriors
  4 swamp drakes (Swamp:4)
  A jelly (D:12)
  A bullfrog zombie (D:12)
  An orc wizard (D:9)
  An orc (Orc:1)
  A bush (Lair:3)
  26 fungi
  20 plants
80 creatures vanquished.

Grand Total: 1141 creatures vanquished

Notes
Turn   | Place    | Note
-------+----------+-------------------------------------------
     0 | D:1      | 4thArraOfDagon the Mummy Enchanter began the quest for the Orb.
     0 | D:1      | Reached XP level 1. HP: 13/13 MP: 4/4
    16 | D:1      | Reached skill level 1 in Short Blades
   298 | D:1      | Reached XP level 2. HP: 19/19 MP: 3/5
   489 | D:1      | Learned a level 2 spell: Ensorcelled Hibernation
  1010 | D:2      | Reached XP level 3. HP: 13/24 MP: 1/7
  1402 | D:2      | Noticed an ogre
  1418 | D:2      | Killed an ogre
  1418 | D:2      | Reached XP level 4. HP: 30/30 MP: 8/8
  1433 | D:2      | Reached XP level 5. HP: 35/35 MP: 9/9
  1439 | D:2      | Learned a level 3 spell: Confuse
  1659 | D:3      | Found a glowing drain.
  1803 | D:5      | Entered Level 5 of the Dungeon
  1934 | D:6      | Reached XP level 6. HP: 27/41 MP: 1/10
  2067 | D:6      | Found a staircase to the Ecumenical Temple.
  2076 | Temple   | Entered the Ecumenical Temple
  2119 | Temple   | Became a worshipper of Ru the Awakened
  2220 | D:3      | Noticed an ice beast
  2234 | D:3      | Killed an ice beast
  2234 | D:3      | Reached skill level 1 in Fighting
  2278 | Sewer    | Entered a sewer
  2281 | Sewer    | Reached skill level 1 in Armour
  2957 | D:3      | Reached XP level 7. HP: 50/50 MP: 7/11
  3798 | D:4      | Noticed Natasha
  3824 | D:4      | Killed Natasha
  3824 | D:4      | Reached XP level 8. HP: 40/60 MP: 5/12
  4005 | D:4      | Noticed Natasha
  4014 | D:4      | Killed Natasha
  4083 | D:4      | Noticed Natasha
  4090 | D:4      | Killed Natasha
  4820 | D:7      | Noticed a hippogriff
  4825 | D:7      | Noticed p0werm0de's ghost (novice OpGl)
  4832 | D:7      | Killed a hippogriff
  4832 | D:7      | Reached skill level 5 in Fighting
  4846 | D:7      | You fall through a shaft!
  4964 | D:7      | Reached skill level 5 in Dodging
  5162 | D:8      | Learned a level 3 spell: Conjure Flame
  5390 | D:7      | Reached XP level 9. HP: 60/68 MP: 11/13
  5403 | D:7      | Reached skill level 1 in Conjurations
  5420 | D:7      | Found a basalt altar of Yredelemnul.
  5623 | D:8      | Reached skill level 1 in Fire Magic
  5824 | D:8      | Noticed Maurice
  5846 | D:8      | Killed Maurice
  5917 | D:8      | Noticed a two-headed ogre
  6061 | D:9      | Learned a level 4 spell: Sticky Flame
  6070 | D:9      | Found a staircase to the Orcish Mines.
  6091 | D:9      | Noticed a two-headed ogre
  6141 | D:9      | Reached skill level 5 in Armour
  6150 | D:9      | DogShitOnMyToe: &dump 4thArraOfDagon
  6150 | D:9      | beem: http://CRAWL.XTAHUA.COM/crawl/morgue/4thArraOfDagon/4thArraOfDagon.txt
  6184 | D:9      | Reached XP level 10. HP: 64/77 MP: 2/16
  6273 | D:9      | DogShitOnMyToe: mr. 4th, have u heard the word that mr. pm0de had declared war on u?
  6446 | D:9      | DogShitOnMyToe: i believe its some sorted affair over u stealing his Hu record lol
  6598 | D:9      | Found a roughly hewn altar of Beogh.
  6613 | D:9      | 4thArraOfDagon: hey
  6613 | D:9      | 4thArraOfDagon: war? didn't know
  6613 | D:9      | DogShitOnMyToe: yea
  6613 | D:9      | DogShitOnMyToe: he was "talking" shit in the discord last night
  6613 | D:9      | DogShitOnMyToe: i think after he reclaimed CK?
  6613 | D:9      | p0werm0de: D;
  6613 | D:9      | DogShitOnMyToe: see
  6613 | D:9      | DogShitOnMyToe: he is antogonizing u
  6613 | D:9      | 4thArraOfDagon: VSCK ahh
  6613 | D:9      | DogShitOnMyToe: RACE WARRRRRR
  6613 | D:9      | 4thArraOfDagon: it is cool
  6613 | D:9      | p0werm0de: hey i had teleportitis all game
  6613 | D:9      | p0werm0de: i deserve
  6613 | D:9      | p0werm0de: it was like xom game
  6613 | D:9      | Thaneod: :)
  6613 | D:9      | 4thArraOfDagon: o hey
  6613 | D:9      | 4thArraOfDagon: my human didnt had controlled blink/passage all the way
  6613 | D:9      | 4thArraOfDagon: you can take it back anytime np with sub25k
  7238 | D:9      | Noticed Gastronok
  7262 | D:9      | Killed Gastronok
  7262 | D:9      | Reached skill level 5 in Spellcasting
  7262 | D:9      | Reached skill level 5 in Conjurations
  7262 | D:9      | Reached skill level 5 in Fire Magic
  7520 | D:9      | DogShitOnMyToe: hey 4th, i was asking the other turncount coys, but no of them are man enough to hazard a guess, could u give a VERY rough estimate on hoy many turns early apport is worth?
  7642 | D:10     | Entered Level 10 of the Dungeon
  7826 | D:10     | Noticed Sonja
  7870 | D:10     | Noticed a two-headed ogre
  7893 | D:10     | Killed Sonja
  8004 | D:10     | p0werm0de: https://soundcloud.com/dachgeschoss-1/bucht-der-traumer-2017-panta-rhei-stage
  8004 | D:10     | p0werm0de: i know arra appreciates this
  8004 | D:10     | 4thArraOfDagon: Im not recently into speedrunning business but I would say its extremly hard to estimate
  8004 | D:10     | p0werm0de: hes not such a redneck as DogShit
  8012 | D:10     | Reached XP level 11. HP: 40/86 MP: 19/21
  8184 | D:10     | Noticed PeterLawrence's ghost (journeyman MiFi)
  8209 | D:9      | Killed a two-headed ogre
  8303 | D:10     | Gained mutation: You take slightly more damage. (AC -5) [Ru sacrifice]
  8303 | D:10     | Reached * piety under Ru
  8303 | D:10     | Reached ** piety under Ru
  8365 | D:10     | DogShitOnMyToe: i listen to classical
  8383 | D:10     | DogShitOnMyToe: u listent o fucking noise
  8405 | D:10     | DogShitOnMyToe: and u call me redneck?
  8434 | D:10     | p0werm0de: yep
  8460 | D:10     | DogShitOnMyToe: im just UNCOUTH
  8527 | D:10     | p0werm0de: unyouth?
  8548 | D:10     | p0werm0de: =old?
  8588 | D:10     | Reached skill level 10 in Fighting
  8748 | D:11     | Noticed an unseen horror
  8751 | D:11     | p0werm0de: https://discord.gg/VyA9mh
  8754 | D:11     | Killed an unseen horror
  8764 | D:11     | p0werm0de: inmateoo come discord!
  8783 | D:11     | p0werm0de: and 3 Anon too
  9021 | D:11     | Noticed KristoblXynda's ghost (journeyman HOFi)
  9060 | D:12     | Noticed Azrael
  9123 | D:12     | Noticed a brown ugly thing
  9131 | D:12     | inmateoo: done
  9138 | D:12     | Killed a brown ugly thing
  9231 | D:12     | Noticed a brown ugly thing
  9249 | D:12     | Noticed a purple ugly thing
  9281 | D:12     | Killed a purple ugly thing
  9283 | D:12     | Noticed a deep elf mage
  9292 | D:12     | Killed a brown ugly thing
  9578 | D:12     | Found Goeth's Book Boutique.
  9605 | D:12     | Got a warped whip
  9608 | D:12     | Identified the +5 whip "Gielax Konyx" {elec, MR+ Str-4 Dex+4} (You found it on level 12 of the Dungeon)
  9708 | D:12     | Killed a deep elf mage
 10098 | D:11     | Found Conoo's General Store.
 10108 | D:11     | Bought an uncursed amulet of regeneration for 540 gold pieces
 10198 | D:11     | Found a staircase to the Lair.
 10213 | D:11     | Reached skill level 1 in Evocations
 10545 | Orc:1    | Entered Level 1 of the Orcish Mines
 10572 | D:9      | Gained mutation: You are sensitive to extremes of temperature. (rF-, rC-) [Ru sacrifice]
 10572 | D:9      | Reached *** piety under Ru
 10572 | D:9      | Reached **** piety under Ru
 10625 | D:9      | Reached skill level 1 in Axes
 10805 | Orc:1    | Noticed an ettin
 10826 | Orc:1    | Found a radiant altar of Vehumet.
 10853 | Orc:1    | Reached XP level 12. HP: 102/102 MP: 22/22
 10985 | Orc:1    | Noticed Nergalle
 11012 | Orc:1    | Killed Nergalle
 11235 | Orc:1    | inmateoo: gg?
 11291 | Orc:1    | HP: 1/102 [ettin/dire flail (26)]
 11292 | Orc:1    | Killed an ettin
 11299 | Orc:1    | 4thArraOfDagon: :)
 11527 | Orc:2    | Entered Level 2 of the Orcish Mines
 11533 | Orc:2    | Found a roughly hewn altar of Beogh.
 11541 | Orc:2    | Found a staircase to the Elven Halls.
 12149 | Orc:1    | Noticed a two-headed ogre
 12169 | Orc:1    | Killed a two-headed ogre
 12641 | Orc:2    | Reached skill level 1 in Throwing
 13009 | Orc:2    | Found Vupuffoo's Armour Emporium.
 13009 | Orc:2    | Found Aruigy's Distillery.
 13011 | Orc:2    | Found Dechet's Assorted Antiques.
 13013 | Orc:2    | Found Jyth's Antique Weapon Shoppe.
 13018 | Orc:2    | Gained mutation: You cannot study or cast Air magic. [Ru sacrifice]
 13018 | Orc:2    | Gained mutation: You cannot study or cast Hexes magic. [Ru sacrifice]
 13018 | Orc:2    | Gained mutation: You cannot study or cast Conjurations magic. [Ru sacrifice]
 13018 | Orc:2    | Reached ***** piety under Ru
 13023 | Orc:2    | Bought a scroll labeled RORUONTAOH for 36 gold pieces
 13232 | D:11     | Bought the +4 hand axe "Mashetz" {freeze, *Rage Str-3 Int+10 Stlth+} for 860 gold pieces
 13244 | D:11     | Learned a level 5 spell: Lee's Rapid Deconstruction
 13256 | Lair:1   | Entered Level 1 of the Lair of Beasts
 13296 | Lair:1   | Noticed Prince Ribbit
 13383 | Lair:1   | Reached skill level 1 in Earth Magic
 13669 | Lair:1   | Reached skill level 2 in Earth Magic
 13791 | Lair:1   | Reached skill level 3 in Earth Magic
 13978 | Lair:1   | Killed Prince Ribbit
 14104 | Lair:2   | You fall through a shaft for 2 floors!
 14105 | Lair:4   | :O4
 14346 | Lair:3   | Reached skill level 4 in Earth Magic
 14367 | Lair:3   | Gained mutation: You are in touch with the powers of death. [Mummy growth]
 14367 | Lair:3   | Reached XP level 13. HP: 34/108 MP: 23/23
 14614 | Lair:4   | Found a staircase to the Snake Pit.
 14894 | Lair:5   | Found a staircase to the Slime Pits.
 15088 | Lair:6   | Entered Level 6 of the Lair of Beasts
 15114 | Lair:5   | inmateoo: old guys, who is Pa Pr Re and th?
 15301 | Lair:5   | Learned a level 3 spell: Ignite Poison
 15304 | Lair:5   | Learned a level 2 spell: Passwall
 15516 | Lair:5   | HP: 4/108 [komodo dragon (32)]
 15519 | Lair:5   | Reached skill level 5 in Earth Magic
 16093 | Lair:6   | Reached skill level 6 in Earth Magic
 16093 | Lair:6   | Reached skill level 5 in Axes
 16534 | Lair:5   | Reached skill level 7 in Earth Magic
 17032 | Lair:6   | Thaneod: ?? spiny frog
 17033 | Lair:6   | beem: spiny frog[1/3]: The far nastier brother of the blink frog, it rightfully earns its title as one of the toughest enemies in the Lair by having hard-hitting poisonous attacks and by being fairly tough itself. Kill or weaken it from afar if possible.
 17341 | Lair:6   | Reached skill level 8 in Earth Magic
 17696 | Lair:6   | Identified the +3 leather armour of the Four Shrikes {rPois rF- rN+} (You found it on level 6 of the Lair of Beasts)
 18386 | Lair:5   | Reached skill level 9 in Earth Magic
 18401 | Lair:5   | Reached XP level 14. HP: 73/115 MP: 13/24
 18578 | Lair:4   | Found a staircase to the Swamp.
 18861 | Lair:4   | Reached skill level 10 in Earth Magic
 19129 | Lair:4   | Thaneod: ?? curare
 19133 | Lair:4   | beem: curare[1/2]: A type of poison that will slow you, poison you, and do large impact damage (called asphyxiation). To avoid it you can use eXamine to avoid being in any blowgun wielding creature's line of fire for too long. Poison resistance prevents the poisoning and asphyxiation, as well as the slowing (being undead will too).
 19904 | Lair:2   | arkorax: heyo
 19935 | Lair:2   | arkorax: DogShit from cbro?
 20118 | Lair:1   | Reached skill level 11 in Earth Magic
 20519 | Lair:3   | Found a hazy altar of Hepliaklqana.
 20888 | Elf:1    | Entered Level 1 of the Elven Halls
 21320 | Orc:2    | Nebukadnezar: sacrifice ready
 21341 | Orc:2    | Gained mutation: Potions are less effective at restoring your health. [Ru sacrifice]
 21347 | Elf:1    | Reached skill level 12 in Earth Magic
 21714 | Elf:1    | Identified a scroll of acquirement
 22214 | Elf:3    | Entered Level 3 of the Elven Halls
 22221 | Elf:2    | Found Saqaps's Food Boutique.
 22431 | Elf:1    | Reached XP level 15. HP: 120/120 MP: 16/27
 22539 | Elf:1    | arkorax: why does the game have a boner for not giving any MR
 22672 | Elf:1    | DogShitOnMyToe: yea its me
 22680 | Elf:1    | DogShitOnMyToe: sorry
 22692 | Elf:1    | DogShitOnMyToe: was finishing my game
 22701 | Elf:2    | DogShitOnMyToe: hate orb run with cei
 22718 | Elf:2    | DogShitOnMyToe: always stresses me out
 22869 | Elf:1    | DogShitOnMyToe: is this .21 or git?
 23863 | Elf:2    | Reached skill level 13 in Earth Magic
 24020 | Elf:3    | Reached skill level 10 in Spellcasting
 24552 | Elf:3    | arkorax: git it done
 25821 | Elf:3    | Noticed a deep elf sorcerer
 25824 | Elf:3    | Killed a deep elf sorcerer
 26046 | Elf:3    | Reached skill level 14 in Earth Magic
 26153 | Elf:3    | Noticed a deep elf sorcerer
 26177 | Elf:3    | Killed a deep elf sorcerer
 26214 | Elf:3    | Noticed a deep elf blademaster
 26356 | Elf:3    | Killed a deep elf blademaster
 26573 | Elf:3    | Noticed a deep elf sorcerer
 26678 | Elf:3    | Killed a deep elf sorcerer
 26679 | Elf:3    | Reached XP level 16. HP: 127/127 MP: 11/31
 26753 | Elf:3    | Noticed a deep elf master archer
 26779 | Elf:3    | Killed a deep elf master archer
 26779 | Elf:3    | Reached skill level 5 in Evocations
 26928 | Elf:3    | Identified the +6 plate armour of Tiuru {Str+6 Int-5 Stlth+} (You took it off a deep elf master archer on level 3 of the Elven Halls)
 27378 | Elf:3    | Noticed a deep elf master archer
 27378 | Elf:3    | Noticed a deep elf blademaster
 27381 | Elf:3    | Killed a deep elf master archer
 27383 | Elf:3    | Killed a deep elf blademaster
 27385 | Elf:3    | Found the +8 lance "Wyrmbane" {slay drac, rPois rF+ rC+ AC+3}
 27387 | Elf:3    | Identified the Compendium of Arcane Weapons and Unholy Rites
 27412 | Elf:3    | Learned a level 5 spell: Borgnjor's Vile Clutch
 27416 | Elf:3    | Learned a level 3 spell: Vampiric Draining
 27421 | Elf:3    | Learned a level 4 spell: Animate Dead
 27422 | Elf:3    | Identified the cursed +0 scale mail of Poeczis {+Fly} (You took it off a deep elf master archer on level 3 of the Elven Halls)
 27435 | Elf:3    | Identified the +8 chain mail of Uskayaw's Reproof {rPois rF+} (You found it on level 3 of the Elven Halls)
 27443 | Elf:3    | Identified the Handbook of Calling and Clay
 27454 | Elf:3    | Learned a level 9 spell: Shatter
 27456 | Elf:3    | Identified Sif Muna's Volume of Excruciating Summoning
 27460 | Elf:3    | Identified the +5 great mace of Extermination {crush, Str+4} (You found it on level 3 of the Elven Halls)
 27513 | Elf:3    | Identified the Compendium of the Mountains and Necromancy
 27805 | Elf:2    | Identified the cursed +1 falchion "Ybruagid" {antimagic, rPois rC+++ Dex-2 Stlth+} (You found it on level 2 of the Elven Halls)
 27885 | Elf:2    | 4thArraOfDagon: ??wyrmbane
 27885 | Elf:2    | beem: wyrmbane[1/3]: (polearms; +4 acc / 8 dam / 1.1 base delay / 0.5 min delay) A scale-covered lance +8 Wyrmbane {slay drac, rPois rF+ rC+ AC+3}. Gains +1 enchantment every time it lands the finishing blow against a {slay drac} affected monster (up to the lower of +18 or the dragon's HD).
 27885 | Elf:2    | 4thArraOfDagon: ??wyrmbane[2
 27885 | Elf:2    | beem: wyrmbane[2/3]: List of dragons and draconians by HD: http://git.io/AjgWEQ
 27885 | Elf:2    | 4thArraOfDagon: ??wyrmbane[3
 27885 | Elf:2    | beem: wyrmbane[3/3]: Dragon zombies and skeletons have the same HD as the normal ones, making Crypts a potentially non-intuitive, but lucrative place, to gain enchantments.
 27885 | Elf:2    | Thaneod: oo
 27885 | Elf:2    | Thaneod: zombie can't breathe and cast spells
 28239 | D:12     | Reached skill level 1 in Necromancy
 28255 | D:14     | Reached skill level 1 in Polearms
 28345 | D:13     | Noticed Nessos
 28345 | D:13     | Noticed Nessos
 28345 | D:13     | Nessos changed into Nessos the torpor snail
 28370 | D:13     | Killed Nessos the torpor snail
 28488 | D:13     | Noticed Josephine
 28547 | D:13     | Killed Josephine
 28970 | D:12     | Killed Azrael
 29919 | D:15     | Entered Level 15 of the Dungeon
 29922 | D:15     | Reached skill level 5 in Necromancy
 30119 | D:15     | Found Onocunuo's Magic Scroll Shoppe.
 30138 | D:15     | Bought a scroll of magic mapping for 63 gold pieces
 30138 | D:15     | Bought a scroll of magic mapping for 63 gold pieces
 30138 | D:15     | Bought a scroll of fog for 36 gold pieces
 30590 | D:15     | Reached skill level 5 in Polearms
 30612 | D:15     | Found a shadowy altar of Dithmenos.
 31500 | D:14     | Upgraded the game from 0.22-a0-161-g198051c to 0.22-a0-162-g33bf127
 31589 | D:14     | Found a gate to the Vaults.
 31795 | D:13     | Reached XP level 17. HP: 120/133 MP: 27/32
 32149 | Swamp:1  | Entered Level 1 of the Swamp
 32727 | Swamp:2  | Noticed Aizul
 32838 | Swamp:2  | Reached skill level 10 in Necromancy
 33086 | Swamp:2  | Noticed Louise
 33097 | Swamp:2  | Killed Louise
 33243 | Swamp:2  | Noticed Kirke
 33258 | Swamp:2  | Killed Kirke
 33396 | Swamp:2  | Killed Aizul
 34116 | Swamp:4  | Entered Level 4 of the Swamp
 34674 | Swamp:4  | Killed from afar by a thorn hunter

Vault maps used:
D:1:      saegor_arrival_simple_a
D:2:      minmay_octomino_e4
D:3:      first_ration, gup_sewer_entry_glass, kennysheep_generic_room_11
D:4:      cheibrodos_barr_body, uniq_natasha
D:6:      temple_hall
D:7:      lemuel_doored_altar
D:8:      uniq_maurice
D:9:      orc_0_dummy, special_room, uniq_gastronok
D:10:     hangedman_fish_farm, kennysheep_pointless_box, uniq_sonja
D:11:     lair_entry_dummy, serial_shops, nicolae_shop_behind_doors,
          minmay_crystal_room
D:12:     serial_shops, nicolae_shop_temple_entry_statues_fountains,
          uniq_fannar, uniq_azrael
D:13:     uniq_nessos, uniq_josephine
D:14:     hangedman_vaults_entry_quadrant_bands, serial_glass, glass_columns_b,
          glass_columns_b, glass_columns_b, glass_columns_a, glass_columns_b,
          glass_columns_a, kennysheep_kite_vault
D:15:     grunt_enter_depths_magical_seal, basic_altar, serial_shops, shop
Temple:   compressed_dpeg_triangle_lava_temple
Lair:1:   uniq_prince_ribbit2
Lair:2:   minivault_11, minivault_27, infiniplex_staircase_pool
Lair:3:   serial_bayou, serial_bayou_pond_c, serial_bayou_shore_b,
          serial_bayou_lake_a, serial_bayou_crossing, serial_bayou_pond_a,
          basic_altar, serial_bayou_shore_b
Lair:4:   minmay_swamp_entry_swarm, guppyfry_snake_entry_garden,
          serial_bayou_shore_b, minmay_lair_oklob_chamber
Lair:5:   dpeg_slime_entry_corner, st_stairs_8
Lair:6:   minmay_lair_end_frog_pond
Swamp:1:  hangedman_swamp_ruin_wall, swamp_pool5, st_swamp_mini
Swamp:2:  nicolae_swamp_fairy_circle, nicolae_swamp_spriggan_camp, uniq_aizul,
          uniq_kirke, uniq_louise
Swamp:3:  nicolae_swamp_round_clearing, swamp_pool3
Swamp:4:  swamp_fiery
Orc:1:    basic_altar, uniq_nergalle
Orc:2:    st_orc_rangers, basic_altar, mines3_lemuel
Elf:1:    hangedman_corner_corridor
Elf:2:    serial_shops, shop_coins
Elf:3:    elf_hall_gauntlet_wide
Sewer:    sewer_fruit_machine

Skill      XL: |  1  2  3  4  5  6  7  8  9 10 11 12 13 14 15 16 17 |
---------------+----------------------------------------------------+-----
Short Blades   | 1 2 4 |  4.0
Dodging        | 2 3 5 7 |  7.0
Hexes          | 3 0 |  0.0
Fighting       | 2 3 5 6 8 12 | 12.1
Armour         | 1 3 4 5 7 |  7.0
Spellcasting   | 4 7 8 11 | 11.0
Conjurations   | 3 5 0 |  0.0
Fire Magic     | 3 5 |  5.0
Evocations     | 1 4 7 |  7.0
Axes           | 1 3 6 |  6.2
Throwing       | 3 |  3.0
Earth Magic    | 4 9 12 14 | 14.0
Necromancy     | 8 12 | 12.7
Polearms       | 5 |  5.6
Stealth        | |  2.4

Action                   |  1- 3 |  4- 6 |  7- 9 | 10-12 | 13-15 | 16-18 || total
-------------------------+-------+-------+-------+-------+-------+-------++-------
Melee: Dagger            |    98 |   183 |   354 |   964 |       |       ||  1599
       Whip              |       |       |       |    23 |       |       ||    23
       Hand axe          |       |       |       |   304 |  1238 |     4 ||  1546
       Lance             |       |       |       |       |       |  1058 ||  1058
 Fire: Blowgun           |       |       |       |    33 |    30 |       ||    63
Throw: Javelin           |     9 |       |     3 |     4 |       |       ||    16
       Throwing net      |       |       |       |       |       |     1 ||     1
 Cast: Corona            |    12 |     3 |       |     6 |       |       ||    21
       Ensorcelled Hiber |     5 |    31 |    62 |    32 |       |       ||   130
       Confuse           |       |     3 |    14 |    25 |       |       ||    42
       Conjure Flame     |       |       |     4 |    25 |       |       ||    29
       Sticky Flame      |       |       |       |    67 |       |       ||    67
       Lee's Rapid Decon |       |       |       |       |   204 |    98 ||   302
       Borgnjor's Vile C |       |       |       |       |       |    68 ||    68
       Vampiric Draining |       |       |       |       |       |    33 ||    33
Invok: Reject Sacrifices |       |       |     1 |       |     2 |       ||     3
       Sacrifice Health  |       |       |       |     1 |       |       ||     1
       Sacrifice Resista |       |       |       |     1 |       |       ||     1
       Draw Out Power    |       |       |       |     4 |     3 |     2 ||     9
       Apocalypse        |       |       |       |     2 |     9 |    10 ||    21
       Sacrifice Arcana  |       |       |       |     1 |       |       ||     1
       Sacrifice Purity  |       |       |       |       |     1 |       ||     1
Evoke: Wand              |       |     9 |    18 |    19 |     6 |     3 ||    55
       Box of beasts     |       |       |       |       |       |     1 ||     1
  Use: Scroll            |       |     8 |     5 |    13 |    10 |    18 ||    54
 Stab: Sleeping          |     9 |    30 |    28 |    21 |     2 |     2 ||    92
       Confused          |       |     1 |     8 |    11 |       |       ||    20
       Invisible         |       |       |       |     5 |    27 |    15 ||    47
       Distracted        |       |       |       |     4 |     9 |     3 ||    16
       Paralysed         |       |       |       |    15 |    82 |    34 ||   131
Armor: Robe              |    18 |    34 |    55 |    11 |       |       ||   118
       Troll leather arm |       |       |       |   103 |   144 |   133 ||   380
Dodge: Dodged            |    63 |   102 |   167 |   827 |   851 |   780 ||  2790
Block: Other             |       |    42 |    87 |   139 |       |       ||   268
       Reflection        |       |       |     2 |     7 |       |       ||     9

Table legend:
 A = Spawn XP
 B = Non-spawn XP
 C = Spawn XP percentage of total XP
 D = Spawn monster count
 E = Non-spawn monster count
 F = Spawn count percentage of total count
 G = Total turns spent on level
                    A         B        C        D         E        F      G
               +---------+---------+-------+---------+---------+-------+---------
         Total |       0 |  268850 |   0.0 |       0 |    1052 |   0.0 | 34674
               +---------+---------+-------+---------+---------+-------+---------
           D:1 |       0 |      29 |   0.0 |       0 |      15 |   0.0 |   738
           D:2 |       0 |     193 |   0.0 |       0 |      25 |   0.0 |   928
           D:3 |       0 |     392 |   0.0 |       0 |      39 |   0.0 |   762
           D:4 |       0 |     759 |   0.0 |       0 |      37 |   0.0 |   911
           D:5 |       0 |     241 |   0.0 |       0 |       9 |   0.0 |   262
           D:6 |       0 |     227 |   0.0 |       0 |       6 |   0.0 |   720
           D:7 |       0 |     879 |   0.0 |       0 |      16 |   0.0 |   528
           D:8 |       0 |    1429 |   0.0 |       0 |      19 |   0.0 |  1151
           D:9 |       0 |    6495 |   0.0 |       0 |      58 |   0.0 |  1433
          D:10 |       0 |    4960 |   0.0 |       0 |      43 |   0.0 |  1298
          D:11 |       0 |    2546 |   0.0 |       0 |      34 |   0.0 |  1150
          D:12 |       0 |    8417 |   0.0 |       0 |      37 |   0.0 |  1018
          D:13 |       0 |   10966 |   0.0 |       0 |      54 |   0.0 |  1502
          D:14 |       0 |   21472 |   0.0 |       0 |      59 |   0.0 |  1298
          D:15 |       0 |   10620 |   0.0 |       0 |      28 |   0.0 |   763
        Lair:1 |       0 |    6367 |   0.0 |       0 |      36 |   0.0 |   983
        Lair:2 |       0 |    4753 |   0.0 |       0 |      24 |   0.0 |   893
        Lair:3 |       0 |    5103 |   0.0 |       0 |      22 |   0.0 |   847
        Lair:4 |       0 |   15360 |   0.0 |       0 |      48 |   0.0 |  1284
        Lair:5 |       0 |   15828 |   0.0 |       0 |      69 |   0.0 |  2812
        Lair:6 |       0 |    9237 |   0.0 |       0 |      35 |   0.0 |   863
       Swamp:1 |       0 |    3891 |   0.0 |       0 |       7 |   0.0 |   362
       Swamp:2 |       0 |   25485 |   0.0 |       0 |      50 |   0.0 |   854
       Swamp:3 |       0 |   11958 |   0.0 |       0 |      32 |   0.0 |   597
       Swamp:4 |       0 |    7976 |   0.0 |       0 |      18 |   0.0 |   558
         Orc:1 |       0 |    4245 |   0.0 |       0 |      37 |   0.0 |  1156
         Orc:2 |       0 |    7473 |   0.0 |       0 |      60 |   0.0 |  2008
         Elf:1 |       0 |   26146 |   0.0 |       0 |      47 |   0.0 |  2167
         Elf:2 |       0 |    8601 |   0.0 |       0 |      18 |   0.0 |  1044
         Elf:3 |       0 |   46726 |   0.0 |       0 |      47 |   0.0 |  3277
         Sewer |       0 |      76 |   0.0 |       0 |      23 |   0.0 |   450
               +---------+---------+-------+---------+---------+-------+---------
